 Dungeon Crawl Stone Soup version 0.31-a0-1082-g7d1fb776a8 (webtiles) character file.

Game seed: 16362217696670726212

8 Azuregosa the Sneak (level 2, -3/21 HPs)
             Began as an Octopode Delver on Nov 27, 2023.
             Slain by an iguana (6 damage)
             ... on level 5 of the Dungeon.
             The game lasted 00:01:38 (172 turns).

Azuregosa the Sneak (Octopode Delver)                Turns: 172, Time: 00:01:39

Health: -3/21      AC:  1    Str: 11    XL:     2   Next: 8%
Magic:  2/2        EV: 13    Int: 12    God:
Gold:   14         SH:  0    Dex: 13    Spells: 1/1 levels left

rFire   . . .        a - +0 spear
rCold   . . .        (no shield)
rNeg    . . .        (helmet restricted)
rPois   .            (no amulet)
rElec   .            (no ring)
rCorr   .            (no ring)
SInv    .            (no ring)
Will    .....        (no ring)
Stlth   ++++         (no ring)
HPRegen 0.23/turn    (no ring)
MPRegen 0.08/turn    (no ring)
                     (no ring)

%: no passive effects
@: no status effects
A: almost no armour, amphibious, 8 rings, camouflage 1, gelatinous body 1,
(nimble swimmer 1), tentacles
a: no special abilities


You were on level 5 of the Dungeon.
You visited 1 branch of the dungeon, and saw 1 of its levels.

You collected 14 gold pieces.

Inventory:

Hand Weapons
 a - a +0 spear (weapon)
 c - a +2 short sword of electrocution
Wands
 f - a wand of digging (3)
Scrolls
 b - a scroll of fog
 d - a scroll of fear
Potions
 e - a potion of haste


   Skills:
 - Level 3.0 Fighting
 - Level 2.0 Polearms
 - Level 2.0 Dodging
 + Level 7.2 Stealth


You had one spell level left.
You didn't know any spells.
Your spell library was empty.

Dungeon Overview and Level Annotations

Branches:
Dungeon (5/15)
 Temple: D:4-7

Altars:
Ashenzari
Gozag
Hepliaklqana
Kikubaaqudgha
Makhleb
Yredelemnul


Innate Abilities, Weirdness & Mutations

You cannot wear most types of armour.
You are amphibious.
You can wear up to eight rings at the same time.
Your skin changes colour to match your surroundings (Stealth+).
Your rubbery body absorbs attacks. (AC +1, EV +1)
((You are camouflaged when in or above water. (Stealth+)))
You have tentacles for arms and can constrict up to eight enemies at once.


Message History

HP restored.
You open the door.
There is an open door here.
There is an open door here.
Found an opulent altar of Gozag.
Found an ancient bone altar of Kikubaaqudgha.
Found a hazy altar of Hepliaklqana and a broken altar of Ashenzari.
There is an opulent altar of Gozag here.
You curl up in front of the altar of Gozag.
Gozag does not accept service from beggars like you!
The service fee for joining is currently 26 gold; you only have 14.
The iguana hisses angrily.
Reach: a) +0 spear
Press: ? - help, Dir - move target, f - iguana
Aim: an iguana (about 35% to evade your +0 spear)
You reach to attack!
You hit the iguana but do no damage. You hit the iguana. You grab the iguana.
The iguana is lightly wounded.
You constrict the iguana, but do no damage.
The iguana bites you.
You hit the iguana but do no damage.
You squeeze the iguana, but do no damage.
The iguana is lightly wounded.
You constrict the iguana, but do no damage.
The iguana bites you!
Ouch! That really hurt!
You barely miss the iguana.
The iguana is lightly wounded.
You constrict the iguana. The iguana bites you.
* * * LOW HITPOINT WARNING * * *
You hit the iguana.
The iguana is moderately wounded.
You constrict the iguana. The iguana misses you.
You hit the iguana.
The iguana is severely wounded.
You constrict the iguana. The iguana closely misses you.
You hit the iguana but do no damage.
The iguana is severely wounded.
You constrict the iguana. The iguana bites you.
You die...

######...#### *,*
#######.##### *,*
#######.##### *,*
#######.##### *,*
.######+##### *,*
.#####...#### #####******
.####.....#####_#_#_#_*⌠**
.###>......###8.#.#.#.#..*
.##.........#...@l......#*
..'.........'..........._*
###.........##8.#.#.#.#.#*
####.......####_#_#_#_#8*
...##.....### #######****
.#.###...####**,,,*,**
.#.####'#####*,***,,,**
...# #.# *,**,,,*,* .###
##.## *,***,*,**


You could see an iguana.

Vanquished Creatures
  4 orcs (D:5)
4 creatures vanquished.

Notes
Turn   | Place    | Note
-------+----------+-------------------------------------------
     0 | D:5      | Azuregosa the Octopode Delver began the quest for the Orb.
     0 | D:5      | Reached XP level 1. HP: 16/16 MP: 1/1
     8 | D:5      | Found a burning altar of Makhleb.
     9 | D:5      | Found a basalt altar of Yredelemnul.
    10 | D:5      | Noticed an iguana
   110 | D:5      | Reached skill level 7 in Stealth
   114 | D:5      | Reached XP level 2. HP: 14/21 MP: 2/2
   159 | D:5      | Found an opulent altar of Gozag.
   160 | D:5      | Found an ancient bone altar of Kikubaaqudgha.
   161 | D:5      | Found a hazy altar of Hepliaklqana.
   161 | D:5      | Found a broken altar of Ashenzari.
   172 | D:5      | Slain by an iguana

Illustrated notes

Levels and vault maps discovered:
D:5:      layout_loops_corners, minitemple, nicolae_overflow_crystal_walls,
          serial_shops, shop

Skill      XL: |  1 |
---------------+----+-----
Stealth        | 7 |  7.2
Fighting       | |  3.0
Polearms       | |  2.0
Dodging        | |  2.0

Action                     || total
---------------------------++-------
  Melee: Spear             ||    16
         Constrict         ||     4
         Tentacles         ||     4
    Use: Scroll            ||     1
 Armour: Skin              ||     7
  Dodge: Dodged            ||     3

Table legend: (Time is in decaauts)
 A = Elapsed time spent in this place.
 B = Non-inter-level travel time spent in this place.
 C = Inter-level travel time spent in this place.
 D = Time resting spent in this place.
 E = Time spent auto-exploring this place.
 F = Levels seen in this place.
 G = Mean time per level.
                   A        B        C        D        E       F      G
               +--------+--------+--------+--------+--------+-----+--------+
         Total |    172 |    172 |      0 |     65 |      0 |   1 |  172.0 |
       Dungeon |    172 |    172 |      0 |     65 |      0 |   1 |  172.0 |
               +--------+--------+--------+--------+--------+-----+--------+

Top non-repeatable levels by time:
     D:5: 172 daAuts
